 Dungeon Crawl Stone Soup version 0.14-a0-1653-g0ad7a2c (webtiles) character file.

923 CrazyArbalest the Cudgeler (level 7, -4/75 HPs)
             Began as an Ogre Berserker on Dec 27, 2013.
             Was an Elder of Trog.
             Slain by a goliath beetle (26 damage)
             ... on Level 6 of the Dungeon.
             The game lasted 00:21:25 (3730 turns).

CrazyArbalest the Cudgeler (Ogre Berserker)         Turns: 3730, Time: 00:21:26

HP  -4/75        AC  7     Str 23      XL: 7   Next: 69%
MP   7/7         EV 12     Int  7      God: Trog [****..]
Gold 207         SH  0     Dex 10      Spells:  0 memorised,  6 levels left

rFire  + . .     SeeInvis .     m - +0 mace
rCold  + . .     Clarity  .     h - +2 robe {rC+ rF+}
rNeg   . . .     Conserve .     (shield restricted)
rPois  .         rCorr    .     l - +1 wizard hat
rElec  .         rRot     .     z - +0 cloak
SustAb . .       Spirit   .     (gloves unavailable)
rMut   .         Warding  .     (boots unavailable)
Saprov + . .     Stasis   +     s - amulet of stasis {unknown}
                                (no ring)
                                (no ring)

@: slightly resistant to hostile enchantments, unstealthy
A: unfitting armour, fast metabolism 1, saprovore 1, tough skin 1
a: Burn Spellbooks, Berserk, Trog's Hand, Brothers in Arms, Renounce Religion


You were on level 6 of the Dungeon.
You worshipped Trog.
Trog was greatly pleased with you.
You were hungry.

You visited 1 branch of the dungeon, and saw 6 of its levels.

You collected 207 gold pieces.

Inventory:

Hand weapons
 a - a +0,+0 mace
 m - a +0,+0 mace (weapon)
 v - a +1,+0 dwarven flail
 y - a +1,+2 hammer
Armour
 b - a +0 animal skin
 e - a +0 wizard hat
 h - a +2 robe of resistance (worn)
 l - a +1 wizard hat (worn)
 z - a +0 cloak (worn)
Magical devices
 r - a wand of flame (2)
 u - a wand of teleportation (4)
 I - a wand of cold (5) {unknown}
 K - a wand of fire (6)
Comestibles
 c - 5 meat rations
 f - 4 bread rations
 M - an apple
Scrolls
 i - 3 scrolls of magic mapping {unknown}
 j - 3 scrolls of teleportation {unknown}
 k - a scroll of curse weapon {unknown}
 n - a scroll of remove curse {unknown}
 o - a scroll of enchant armour {unknown}
 D - a scroll of curse jewellery {unknown}
 E - a scroll of curse armour {unknown}
 F - a scroll of identify {unknown}
 J - a scroll of blinking {unknown}
 L - a scroll of noise {unknown}
 N - a scroll of recharging {unknown}
 O - 2 scrolls of fear {unknown}
Jewellery
 s - an amulet of stasis (around neck) {unknown}
Potions
 d - 2 potions of mutation {unknown}
 g - 2 potions of magic {unknown}
 p - a potion of cure mutation {unknown}
 q - 9 potions of curing {unknown}
 t - a potion of might {unknown}
 w - a potion of paralysis {unknown}
 x - a potion of speed {unknown}
 A - a potion of agility {unknown}
 B - 2 potions of flight {unknown}
 C - a potion of poison {unknown}
 G - a potion of restore abilities {unknown}
Books
 H - a book of Power

   Spells                             Type                      Level
   Iskenderun's Mystic Blast          Conjuration                  4
   Venom Bolt                         Conjuration/Poison           5
   Bolt of Magma                      Conjuration/Fire/Earth       5
   Fulminant Prism                    Conjuration/Hexes            5
   Iron Shot                          Conjuration/Earth            6
   Orb of Destruction                 Conjuration                  7
   Trog disapproves of the use of such an item.


   Skills:
 + Level 6.0 Fighting
 + Level 6.8 Maces & Flails
 + Level 6.1 Dodging
 + Level 1.0 Stealth
 + Level 0.3 Evocations


You had 6 spell levels left.
You didn't know any spells.

Dungeon Overview and Level Annotations

Branches:
Dungeon (6/16)             Temple (0/1) D:5

Altars:
Trog


Innate Abilities, Weirdness & Mutations

You are too large for most types of armour.
You have a fast metabolism.
You can tolerate rotten meat.
You have tough skin (AC +1).


Message History

You hit the goliath beetle but do no damage.
The goliath beetle is almost dead.
The goliath beetle misses you.
You hit the goliath beetle.
The goliath beetle is almost dead.
You hit the goliath beetle.
The goliath beetle is almost dead.
The goliath beetle bites you!
You completely miss the goliath beetle.
The goliath beetle is almost dead.
You hit the goliath beetle but do no damage.
The goliath beetle is almost dead.
The goliath beetle bites you!
* * * LOW HITPOINT WARNING * * *
You hit the goliath beetle but do no damage.
The goliath beetle is almost dead.
You hit the goliath beetle.
The goliath beetle is almost dead.
The goliath beetle bites you!
You die...

##+######
#...<...#
#.......#
#.......#
#.......#
#.......######
#@B.....'....#####
+.......####......
#.......# #######
#.......#
#.......#
#########


You could see a goliath beetle.

Vanquished Creatures
  An ogre (D:4)
  A centaur (D:5)
  2 eyes of draining (D:3)
  A crimson imp (D:5)
  Crazy Yiuf (D:2)
  A gnoll shaman (D:3)
  A hound (D:4)
  2 orc wizards (D:3)
  2 iguanas
  Ijyb (D:2)
  Jessica (D:2)
  Terence (D:2)
  9 adders
  A gnoll (D:3)
  A giant mite (D:1)
  A worm (D:3)
  A scorpion zombie (D:5)
  An ooze (D:4)
  11 orcs
  A ball python (D:4)
  5 bats
  A bat zombie (D:5)
  2 giant cockroaches
  11 goblins
  8 hobgoblins
  5 jackals
  11 kobolds
  6 quokkas
  4 giant geckos
  2 giant newts
  11 rats
107 creatures vanquished.

Notes
Turn   | Place    | Note
--------------------------------------------------------------
     0 | D:1      | CrazyArbalest, the Ogre Berserker, began the quest for the Orb.
     0 | D:1      | Reached XP level 1. HP: 24/24 MP: 1/1
    74 | D:1      | Reached XP level 2. HP: 32/32 MP: 2/2
   398 | D:1      | Reached XP level 3. HP: 31/40 MP: 3/3
   525 | D:2      | Acquired Trog's second power
   591 | D:2      | Noticed Jessica
   591 | D:2      | Noticed Ijyb
   596 | D:2      | Killed Jessica
   604 | D:2      | Killed Ijyb
   604 | D:2      | Reached XP level 4. HP: 49/49 MP: 4/4
   777 | D:2      | Noticed Terence
   804 | D:2      | Killed Terence
   844 | D:2      | Reached skill level 5 in Fighting
   844 | D:2      | Reached skill level 5 in Maces & Flails
   973 | D:2      | Reached XP level 5. HP: 42/57 MP: 5/5
  1058 | D:2      | Noticed Crazy Yiuf
  1066 | D:2      | Killed Crazy Yiuf
  1709 | D:3      | Reached XP level 6. HP: 59/66 MP: 6/6
  1856 | D:3      | Found a bloodstained altar of Trog.
  1882 | D:3      | Reached skill level 5 in Dodging
  2193 | D:3      | Reached skill level 6 in Maces & Flails
  2306 | D:4      | Reached skill level 1 in Stealth
  2306 | D:4      | Reached XP level 7. HP: 69/74 MP: 7/7
  2508 | D:4      | Acquired Trog's third power
  2965 | D:5      | Entered Level 5 of the Dungeon
  3087 | D:5      | Found a staircase to the Ecumenical Temple.
  3730 | D:6      | Slain by a goliath beetle

Action                   |  1- 3 |  4- 6 |  7- 9 || total
-------------------------+-------+-------+-------++-------
Melee: Mace              |    75 |   185 |   165 ||   425
Invok: Berserk           |     1 |     2 |       ||     3
Evoke: Wand              |       |     7 |     3 ||    10
  Use: Potion            |     1 |       |       ||     1
